[Event "Titled Tuesday Blitz April 19 Early 2022"]
[White "Mekhitarian, Krikor Sevag"]
[Black "Shuvalov, Evgenij"]
[WhiteFideId "2107660"]
[BlackFideId "4187237"]
[WhiteElo "2598"]
[BlackElo "2130"]
[Result "1-0"]
[Round "10"]
[TimeControl "180+1"]
[Date "2022.04.19"]
[WhiteClock "0:00:10"]
[BlackClock "0:00:03"]

1. Nf3 Nf6 2. c4 g6 3. Nc3 d5 4. cxd5 Nxd5 5. h4 h6 6. e4 Nxc3 7. dxc3 Qxd1+ 8. Kxd1 Bg4 9. Kc2 Nd7 10. Be3 e5 11. Nd2 Be6 12. Be2 Bc5 13. Bxc5 Nxc5 14. b4 Nd7 15. h5 g5 16. Bc4 Ke7 17. Bxe6 fxe6 18. f3 g4 19. Kd3 Rhg8 20. Ke3 a5 21. a3 Nb6 22. Kf2 Rad8 23. Ra2 axb4 24. cxb4 Rd3 25. Rc1 c6 26. Nf1 gxf3 27. gxf3 Rg5 28. a4 Rxh5 29. a5 Nd7 30. b5 cxb5 31. Rc7 b4 32. Rxb7 Ra3 33. Rxa3 bxa3 34. Rb3 Nc5 35. Rxa3 Na6 36. Rb3 Kd7 37. Rb7+ Kc8 38. Rb6 Nc7 39. a6 Rg5 40. a7 h5 41. Rb8+ Kd7 42. Rb7 Rg8 43. Rb8 Rc8 44. Kg3 Na8 45. Kh4 Kc7 46. Rxc8+ Kxc8 47. Kxh5 Kb7 48. Kg5 Kxa7 49. Kf6 Nc7 50. Kxe5 Kb6 51. Kd6 Kb7 52. f4 Kc8 53. Ke7 Kb7 54. Nd2 Kc6 55. Nf3 Kc5 56. Kf6 Kd6 57. Ng5 Kd7 58. Nf7 Ne8+ 59. Kg6 Ke7 60. Ng5 Nd6 61. Kh5 Ne8 62. Kg4 Nf6+ 63. Kf3 Nd7 64. Ke3 Kf6 65. Nf3 e5 66. f5 Ke7 67. Nh2 Nf6 68. Kf3 Kd6 69. Ng4 Nd7 70. Ke3 Ke7 71. Nf2 Kd6 72. Nd3 Nf6 73. Kf3 Nd7 74. Ne1 Nf6 75. Ng2 Ke7 76. Ne3 Kd6 77. Nc4+ Kc5 78. Nxe5 Kd4 79. Nc6+ Kc5 80. Nd8 Kd6 81. Nf7+ Ke7 82. Ng5 Nd7 83. Kf4 Kf6 84. Nf3 Ke7 85. e5 Kf7 86. Ke4 Ke7 87. Kd5 Nb6+ 88. Kd4 Nd7 89. Nd2 Nb6 90. Ne4 Nd7 91. Nc3 Nb6 92. Nd5+ Nxd5 93. Kxd5 Kf7 94. Kd6 Ke8 95. e6 Kf8 96. Kd7 Kg7 97. e7 1-0


[Site "https://www.chess.com"]

[Event "Titled Tuesday Blitz April 19 Early 2022"]
[White "Melikhov, Evgeny V."]
[Black "Avramidou, Anastasia"]
[WhiteFideId "4122046"]
[BlackFideId "4239873"]
[WhiteElo "1931"]
[BlackElo "2183"]
[Result "1-0"]
[Round "10"]
[TimeControl "180+1"]
[Date "2022.04.19"]
[WhiteClock "0:00:15"]
[BlackClock "0:00:07"]

1. d4 Nf6 2. c4 e6 3. Nc3 c5 4. d5 exd5 5. cxd5 d6 6. Nf3 g6 7. h3 Bg7 8. e4 O-O 9. Bd3 Na6 10. O-O Nc7 11. Re1 Re8 12. Bg5 h6 13. Bf4 Rb8 14. a4 Nh5 15. Bh2 b6 16. e5 dxe5 17. Nxe5 Bb7 18. d6 Ne6 19. Nxg6 fxg6 20. Bxg6 Qg5 21. Qg4 Qxg4 22. hxg4 Nf6 23. d7 Nxd7 24. Bxb8 Rxb8 25. Rxe6 Nf8 26. Re8 Rxe8 27. Bxe8 Ne6 28. Bb5 Nd4 29. Bc4+ Kf8 30. Bd5 Ba6 31. Nb5 Bxb5 32. axb5 Nxb5 33. Rb1 Ke7 34. Bf3 Nd4 35. Bd1 a5 36. b3 Kd6 37. f4 b5 38. Kf2 c4 39. bxc4 b4 40. Ba4 Kc5 41. Ke3 Kxc4 42. Rc1+ Kd5 43. Kd3 Ne6 44. Bb3+ Kd6 45. Bxe6 Kxe6 46. Rc6+ Kd5 47. Ra6 b3 48. Rxa5+ Kd6 49. g5 b2 50. Kc2 hxg5 51. Rxg5 Bd4 52. g4 Ke6 53. Rg6+ Kf7 54. Rc6 Ke7 55. f5 Kf7 56. Rc4 Be5 57. Rb4 Kf6 58. Rxb2 1-0


[Site "https://www.chess.com"]

[Event "Titled Tuesday Blitz April 19 Early 2022"]
[White "Mikhailovsky, Vladimir"]
[Black "Petrovskyi, Vadym"]
[WhiteFideId "34105414"]
[BlackFideId "14165210"]
[WhiteElo "2349"]
[BlackElo "2400"]
[Result "0-1"]
[Round "10"]
[TimeControl "180+1"]
[Date "2022.04.19"]
[WhiteClock "0:00:02"]
[BlackClock "0:00:55"]

1. e4 c5 2. c3 d5 3. exd5 Qxd5 4. d4 Nf6 5. Nf3 Bg4 6. dxc5 Qxc5 7. Be3 Qc7 8. Qa4+ Nbd7 9. Nbd2 e6 10. Bb5 Be7 11. O-O O-O 12. Rfe1 a6 13. Bf1 b5 14. Qf4 Qb7 15. Bd3 Bh5 16. Ne4 Nd5 17. Qg3 Nxe3 18. Rxe3 Bg6 19. Nd6 Qc6 20. Ne4 f5 21. Neg5 f4 22. Qh3 fxe3 23. Bxg6 exf2+ 24. Kh1 h6 25. Nxe6 Rf6 26. Ned4 Qc4 0-1


[Site "https://www.chess.com"]

[Event "Titled Tuesday Blitz April 19 Early 2022"]
[White "Mikhalsky, Vladimir"]
[Black "Araujo Filho, Luiz Antonio Coel"]
[WhiteFideId "14144352"]
[BlackFideId "2130661"]
[WhiteElo "2301"]
[BlackElo "2324"]
[Result "1-0"]
[Round "10"]
[TimeControl "180+1"]
[Date "2022.04.19"]
[WhiteClock "0:02:05"]
[BlackClock "0:01:05"]

1. e4 c6 2. d3 d5 3. Nd2 dxe4 4. dxe4 Nf6 5. e5 Nd5 6. Bc4 Bf5 7. Ngf3 e6 8. O-O Bc5 9. Nb3 Bb6 10. Bd3 Bxd3 11. Qxd3 O-O 12. Ng5 g6 13. Qh3 h5 14. g4 Kg7 15. gxh5 Rh8 16. h6+ Kg8 17. h7+ Kf8 18. Qh6+ Ke7 19. Ne4 Nd7 20. Bg5+ f6 21. Qg7+ 1-0


[Site "https://www.chess.com"]

[Event "Titled Tuesday Blitz April 19 Early 2022"]
[White "Mokshanov, Alexey"]
[Black "Tsyhanchuk, Stanislav"]
[WhiteFideId "24121657"]
[BlackFideId "13505130"]
[WhiteElo "2141"]
[BlackElo "2078"]
[Result "0-1"]
[Round "10"]
[TimeControl "180+1"]
[Date "2022.04.19"]
[WhiteClock "0:00:10"]
[BlackClock "0:00:02"]

1. e4 c5 2. Nf3 d6 3. c3 Nf6 4. h3 Nc6 5. Bd3 g6 6. O-O Bg7 7. Bc2 O-O 8. d4 cxd4 9. cxd4 Qb6 10. Nc3 a6 11. Rb1 Bd7 12. Bg5 Rac8 13. e5 Ne8 14. Nd5 Qd8 15. Re1 Be6 16. Bb3 dxe5 17. dxe5 Bxd5 18. Bxd5 Nb4 19. Bxb7 Qxd1 20. Rexd1 Rc7 21. Be4 Nxa2 22. Ra1 Nb4 23. Ra4 h6 24. Bh4 a5 25. Rxa5 f5 26. exf6 Nxf6 27. Bxg6 Rfc8 28. Ne5 Rc1 29. Rxc1 Rxc1+ 30. Kh2 Rc8 31. Bf7+ Kf8 32. Be6 Rd8 33. Rb5 Nd3 34. Nxd3 Rxd3 35. Rb8+ Ne8 36. Bf5 Be5+ 37. Bg3 Rxg3 38. fxg3 Bxb8 39. h4 Nd6 40. Be6 Kg7 41. Kh3 Kf6 42. Bd7 e5 43. g4 e4 44. g3 Nc4 45. b3 Ne5 46. Bf5 e3 47. Kg2 Ba7 48. Kf1 Ke7 49. Ke2 Kd6 50. g5 hxg5 51. hxg5 Nf7 52. g6 Nh6 53. g7 Ke7 54. g4 Kf7 0-1


[Site "https://www.chess.com"]

[Event "Titled Tuesday Blitz April 19 Early 2022"]
[White "Molina, Roberto Junio Brito"]
[Black "Belozerov, Andrei"]
[WhiteFideId "2109450"]
[BlackFideId "4120213"]
[WhiteElo "2432"]
[BlackElo "2320"]
[Result "1-0"]
[Round "10"]
[TimeControl "180+1"]
[Date "2022.04.19"]
[WhiteClock "0:01:21"]
[BlackClock "0:00:05"]

1. d4 d5 2. c4 c6 3. Nf3 Nf6 4. Nc3 dxc4 5. a4 Bf5 6. Ne5 e6 7. Nxc4 Bb4 8. e3 O-O 9. Bd3 Bxd3 10. Qxd3 Nbd7 11. O-O c5 12. Ne4 cxd4 13. Qxd4 Nxe4 14. Qxe4 Qc7 15. Bd2 Nc5 16. Qc2 Bxd2 17. Nxd2 Qe5 18. Nf3 Qh5 19. b4 Nd7 20. Qc7 Nf6 21. Qxb7 Rab8 22. Qxa7 Rxb4 23. a5 Rb5 24. a6 Rf5 25. Nd4 Rd5 26. Qb7 Ng4 27. h3 Rg5 28. hxg4 Qxg4 29. a7 1-0


[Site "https://www.chess.com"]

[Event "Titled Tuesday Blitz April 19 Early 2022"]
[White "Moskalenko, Alexander"]
[Black "Indjic, Aleksandar"]
[WhiteFideId "4155351"]
[BlackFideId "911925"]
[WhiteElo "2434"]
[BlackElo "2616"]
[Result "1-0"]
[Round "10"]
[TimeControl "180+1"]
[Date "2022.04.19"]
[WhiteClock "0:01:17"]
[BlackClock "0:00:47"]

1. d4 Nf6 2. Nf3 e6 3. Bg5 h6 4. Bh4 c5 5. e3 d5 6. c3 Nbd7 7. Nbd2 b6 8. Bd3 Bb7 9. Ne5 a6 10. f4 Be7 11. O-O Ne4 12. Bxe7 Qxe7 13. Bxe4 dxe4 14. Nxd7 Qxd7 15. dxc5 Qd3 16. Qa4+ b5 17. Qd4 Rd8 18. Qxd3 Rxd3 19. Nb3 Rxe3 20. Nc1 Ke7 21. Kf2 Rd3 22. Nxd3 exd3 23. Rfd1 Be4 24. Ke3 f5 25. a4 g5 26. axb5 axb5 27. g3 Rg8 28. Ra7+ Kf6 29. Rxd3 gxf4+ 30. gxf4 Bxd3 31. Kxd3 Rg4 32. Ke3 e5 33. Ra6+ Ke7 34. fxe5 b4 35. Kd3 bxc3 36. Kxc3 Re4 37. Rxh6 Rxe5 38. b4 f4 39. Rh3 Re4 40. Rd3 Kf6 41. c6 Re8 42. b5 Rc8 43. Kc4 Ke5 44. Kc5 Ke4 45. Rd1 f3 46. b6 f2 47. b7 Rd8 48. Rf1 1-0


[Site "https://www.chess.com"]

[Event "Titled Tuesday Blitz April 19 Early 2022"]
[White "Moskvin, Anatoly"]
[Black "Soucek, Petr"]
[WhiteFideId "24199990"]
[BlackFideId "23715170"]
[WhiteElo "2079"]
[BlackElo "1979"]
[Result "1/2-1/2"]
[Round "10"]
[TimeControl "180+1"]
[Date "2022.04.19"]
[WhiteClock "0:00:04"]
[BlackClock "0:00:11"]

1. e4 e5 2. Nf3 Nc6 3. Bc4 Bc5 4. c3 Nf6 5. d3 O-O 6. Nbd2 h6 7. a4 a5 8. h3 d5 9. Bb3 dxe4 10. dxe4 Qe7 11. Qe2 Be6 12. Bc2 Rad8 13. Nf1 Nh5 14. Nxe5 Nxe5 15. Qxh5 Bc4 16. Be3 Bd3 17. O-O-O Bxc2 18. Kxc2 Rxd1 19. Qxd1 Rd8 20. Bxc5 Qe8 21. Qa1 Qc6 22. Bd4 Rxd4 23. Nd2 Rxa4 24. Qe1 Rd4 25. Qe3 Rd3 26. Qe2 Rd6 27. f4 Nd3 28. e5 Nb4+ 29. Kb1 Qa4 30. exd6 Qc2+ 31. Ka1 Qa4+ 32. Kb1 Qc2+ 33. Ka1 Qa4+ 34. Kb1 1/2-1/2


[Site "https://www.chess.com"]

[Event "Titled Tuesday Blitz April 19 Early 2022"]
[White "Namitbir Singh Walia"]
[Black "Cunha, Lucas Aguiar"]
[WhiteFideId "35071068"]
[BlackFideId "2125404"]
[WhiteElo "1565"]
[BlackElo "2361"]
[Result "0-1"]
[Round "10"]
[TimeControl "180+1"]
[Date "2022.04.19"]
[WhiteClock "0:00:02"]
[BlackClock "0:00:20"]

1. e4 c5 2. Nf3 e6 3. d4 cxd4 4. Nxd4 Nc6 5. Nc3 Qc7 6. a3 a6 7. Be3 Nf6 8. Be2 Ne5 9. O-O d6 10. Nb3 Be7 11. Bd4 O-O 12. f4 Nc6 13. Be3 b5 14. Bf3 Bb7 15. Qe2 Rac8 16. Rad1 Rfe8 17. Kh1 Qb8 18. Nd4 Na5 19. Bc1 Nc4 20. Rfe1 e5 21. Nf5 Bf8 22. b3 Nb6 23. Qd3 Rcd8 24. Be3 Nc8 25. Nd5 Bxd5 26. exd5 e4 27. Bxe4 Nxe4 28. Bd4 Nc5 29. Nh6+ Kh8 30. Nxf7+ Kg8 31. Qf5 Ne7 32. Rxe7 Rxe7 33. Ng5 g6 34. Qf6 Rg7 35. b4 h6 36. Nf3 Nd7 37. Qe6+ Kh7 38. Bxg7 Bxg7 39. f5 Nf8 40. fxg6+ Nxg6 41. Qf5 Rf8 42. Qd3 Qe8 43. Re1 Qf7 44. Re6 Bf6 45. h4 Kg7 46. h5 Nf4 47. Qf5 Qxh5+ 48. Qxh5 Nxh5 49. Rxd6 Rd8 50. Rxa6 Rxd5 51. Ra7+ Kg6 52. Rb7 Ng3+ 53. Kh2 Nf5 54. g4 Ne3 55. Kg3 Nxc2 56. Rc7 Nxa3 57. Rc6 Kf7 58. Nh4 Bxh4+ 59. Kxh4 Nc4 60. Rxh6 Nd6 61. Rh7+ Kg6 62. Rd7 Kf6 63. Rd8 Nf5+ 64. gxf5 Rxd8 0-1


[Site "https://www.chess.com"]

[Event "Titled Tuesday Blitz April 19 Early 2022"]
[White "Nazari, Arad"]
[Black "Karavade, Eesha"]
[WhiteFideId "12577324"]
[BlackFideId "5012600"]
[WhiteElo "2129"]
[BlackElo "2258"]
[Result "1-0"]
[Round "10"]
[TimeControl "180+1"]
[Date "2022.04.19"]
[WhiteClock "0:01:20"]
[BlackClock "0:00:16"]

1. e4 c5 2. Nf3 d6 3. Bb5+ Nd7 4. d4 cxd4 5. Qxd4 Nf6 6. O-O e5 7. Qd3 h6 8. b3 a6 9. Bxd7+ Bxd7 10. c4 b5 11. Nfd2 Be7 12. Nc3 O-O 13. a4 bxc4 14. Nxc4 Be6 15. Ba3 Bxc4 16. bxc4 Qc7 17. Nd5 Nxd5 18. cxd5 Bg5 19. g3 Rfc8 20. h4 Be7 21. Rfc1 Qb6 22. Rab1 Rxc1+ 23. Rxc1 Qa5 24. Qc4 Bf8 25. Rb1 Qd2 26. Bb4 Qd4 27. Qxd4 exd4 28. Rd1 Rc8 29. Rxd4 Rc1+ 30. Kg2 Ra1 31. Ba5 Be7 32. Bc3 Ra3 33. Rc4 Bf6 34. Rc8+ Kh7 35. Bxf6 gxf6 36. Rc6 Rxa4 37. Kf3 a5 38. Rxd6 Kg7 39. Ra6 Ra3+ 40. Kf4 a4 41. f3 Ra1 42. Kf5 a3 43. f4 a2 44. g4 1-0


[Site "https://www.chess.com"]

[Event "Titled Tuesday Blitz April 19 Early 2022"]
[White "Niyazgulova, Marina"]
[Black "Qashashvili, Alexandre"]
[WhiteFideId "24142573"]
[BlackFideId "13600842"]
[WhiteElo "2046"]
[BlackElo "2316"]
[Result "1-0"]
[Round "10"]
[TimeControl "180+1"]
[Date "2022.04.19"]
[WhiteClock "0:00:20"]
[BlackClock "0:00:53"]

1. d4 d5 2. Nf3 Nf6 3. c4 c6 4. Nc3 Bf5 5. Qb3 b6 6. cxd5 Nxd5 7. Nxd5 Qxd5 8. Qxd5 cxd5 9. Bf4 e6 10. a3 f6 11. e3 a6 12. Rc1 Nd7 13. Be2 h5 14. h4 g6 15. Kd2 Bh6 16. Bxh6 Rxh6 17. Rc7 Bg4 18. Rhc1 Rh7 19. Rc8+ Rxc8 20. Rxc8+ Ke7 21. Bxa6 Bxf3 22. gxf3 Kd6 23. Bb5 e5 24. Rc6+ Ke7 25. Rc7 Kd6 26. Rxd7+ Rxd7 27. Bxd7 Kxd7 28. f4 exf4 29. exf4 Kc6 30. Ke3 Kb5 31. b3 Kc6 32. f5 g5 33. Kf3 b5 34. hxg5 fxg5 35. a4 bxa4 36. bxa4 Kd6 37. a5 Kc6 38. f6 h4 39. f7 h3 40. f8=Q h2 41. Kg2 h1=Q+ 42. Kxh1 g4 43. Qc5+ Kb7 44. Qb6+ Kc8 45. Qa7 g3 46. Kg2 gxf2 47. Kxf2 Kd8 48. Kf3 Kc8 49. Kf4 Kd8 50. Ke5 Kc8 51. Kd6 Kd8 52. Qd7# 1-0


[Site "https://www.chess.com"]

[Event "Titled Tuesday Blitz April 19 Early 2022"]
[White "Nugumanov, Bakhtiyar"]
[Black "Dahlgren, James Allen"]
[WhiteFideId "13701797"]
[BlackFideId "22256873"]
[WhiteElo "2262"]
[BlackElo "2091"]
[Result "0-1"]
[Round "10"]
[TimeControl "180+1"]
[Date "2022.04.19"]
[WhiteClock "0:00:29"]
[BlackClock "0:00:51"]

1. Nf3 e6 2. g3 c5 3. Bg2 d5 4. O-O Nf6 5. d4 Be7 6. c4 O-O 7. Nc3 Nc6 8. dxc5 dxc4 9. Qa4 Bxc5 10. Qxc4 Be7 11. e4 e5 12. Be3 h6 13. Rfd1 Qa5 14. Nd5 Be6 15. Rac1 Rac8 16. Qb3 Nxe4 17. Nxe7+ Nxe7 18. Qxb7 Rxc1 19. Rxc1 Nd5 20. Nxe5 Nxe3 21. Bxe4 Qxe5 22. fxe3 f5 0-1


[Site "https://www.chess.com"]

[Event "Titled Tuesday Blitz April 19 Early 2022"]
[White "Ocelak, Jakub"]
[Black "Zaksaite, Salomeja"]
[WhiteFideId "23707933"]
[BlackFideId "12801496"]
[WhiteElo "2048"]
[BlackElo "1953"]
[Result "1/2-1/2"]
[Round "10"]
[TimeControl "180+1"]
[Date "2022.04.19"]
[WhiteClock "0:01:51"]
[BlackClock "0:02:26"]

1. e4 c5 2. a3 e5 3. Bc4 Nf6 4. Nc3 Be7 5. Nf3 Nc6 6. d3 d6 7. Bg5 O-O 8. h3 Be6 9. O-O a6 10. a4 Rb8 11. Bxf6 Bxf6 12. Nd5 b5 13. axb5 axb5 14. Bb3 g6 15. Ra6 Bxd5 16. Bxd5 Nb4 1/2-1/2


[Site "https://www.chess.com"]

[Event "Titled Tuesday Blitz April 19 Early 2022"]
[White "Okike, David"]
[Black "Petrovic, Aleksa"]
[WhiteFideId "8500134"]
[BlackFideId "967629"]
[WhiteElo "2232"]
[BlackElo "2198"]
[Result "1-0"]
[Round "10"]
[TimeControl "180+1"]
[Date "2022.04.19"]
[WhiteClock "0:01:12"]
[BlackClock "0:00:02"]

1. e4 e6 2. d4 d5 3. Nc3 Bb4 4. e5 c5 5. a3 Bxc3+ 6. bxc3 Ne7 7. Qg4 O-O 8. Bd3 f5 9. exf6 Rxf6 10. Qh5 g6 11. Qg5 Qf8 12. Nf3 b6 13. O-O Ba6 14. Re1 Bxd3 15. cxd3 Nbc6 16. Qg4 Nd8 17. Ra2 cxd4 18. Nxd4 Nec6 19. Nf3 Rc8 20. Bg5 Rf5 21. Nh4 Ne5 22. Qg3 Rxg5 23. Qxg5 Nxd3 24. Rf1 Rxc3 25. Nf3 Nc6 26. Re2 e5 27. h4 e4 28. Ne1 Nd4 29. Rd2 Nxe1 30. Rxe1 Ne6 31. Qxd5 Qf7 32. Rxe4 Rc1+ 33. Kh2 Nf8 34. Qxf7+ Kxf7 35. Rf4+ Kg7 36. Rd8 Rc3 37. Rdxf8 Rxa3 38. g4 h5 39. g5 1-0


[Site "https://www.chess.com"]

[Event "Titled Tuesday Blitz April 19 Early 2022"]
[White "Oparin, Grigoriy"]
[Black "Fedoseev, Vladimir"]
[WhiteFideId "24125890"]
[BlackFideId "24130737"]
[WhiteElo "2665"]
[BlackElo "2726"]
[Result "0-1"]
[Round "10"]
[TimeControl "180+1"]
[Date "2022.04.19"]
[WhiteClock "0:00:06"]
[BlackClock "0:01:05"]

1. d4 Nf6 2. c4 e6 3. Nf3 d5 4. g3 Bb4+ 5. Bd2 Be7 6. Bg2 O-O 7. O-O c6 8. Bc3 dxc4 9. a4 Nd5 10. a5 Nd7 11. Nfd2 b5 12. axb6 N7xb6 13. Ba5 Ba6 14. Na3 Qd7 15. Qc2 c3 16. bxc3 Bxe2 17. Rfe1 Bh5 18. c4 Bg6 19. Qa2 Nb4 20. Bxb4 Bxb4 21. c5 Nd5 22. Nac4 Bc3 23. Rad1 Bxd4 24. Nb3 Bc3 25. Rf1 Qc7 26. Qe2 a5 27. Nd6 a4 28. Nd4 a3 29. Qc4 Bb2 30. Nc2 a2 31. h4 Bxc2 32. Qxc2 a1=Q 0-1


[Site "https://www.chess.com"]

[Event "Titled Tuesday Blitz April 19 Early 2022"]
[White "Pakleza, Zbigniew"]
[Black "Papp, Levente"]
[WhiteFideId "1119290"]
[BlackFideId "751243"]
[WhiteElo "2467"]
[BlackElo "2308"]
[Result "1-0"]
[Round "10"]
[TimeControl "180+1"]
[Date "2022.04.19"]
[WhiteClock "0:00:07"]
[BlackClock "0:00:04"]

1. d4 Nf6 2. Nf3 e6 3. Bf4 c5 4. c3 Nc6 5. e3 d5 6. Nbd2 Nh5 7. Be5 f6 8. Bg3 Nxg3 9. hxg3 g6 10. Bd3 Kf7 11. Qc2 Bg7 12. Rxh7 f5 13. Rxh8 Qxh8 14. O-O-O c4 15. Be2 b5 16. Ng5+ Ke7 17. g4 Qh4 18. Nh3 fxg4 19. Qxg6 gxh3 20. Qxg7+ Kd6 21. g3 Qe7 22. Qh6 b4 23. cxb4 Nxb4 24. a3 Nc6 25. Nb1 Rb8 26. Qf4+ Kd7 27. Rh1 Rb3 28. Rxh3 c3 29. Nxc3 Rxc3+ 30. bxc3 Qxa3+ 31. Kd2 Qb2+ 32. Ke1 Qc1+ 33. Bd1 Ba6 34. Rh7+ Ne7 35. e4 Qxc3+ 36. Qd2 Qc4 37. Be2 Qa4 38. Bxa6 Qxa6 39. Qb4 Qa1+ 40. Ke2 Qa2+ 41. Ke3 1-0


[Site "https://www.chess.com"]

[Event "Titled Tuesday Blitz April 19 Early 2022"]
[White "Palachev, Petr"]
[Black "Maksimenko, Viktor"]
[WhiteFideId "24129003"]
[BlackFideId "13710478"]
[WhiteElo "2339"]
[BlackElo "2269"]
[Result "0-1"]
[Round "10"]
[TimeControl "180+1"]
[Date "2022.04.19"]
[WhiteClock "0:00:40"]
[BlackClock "0:00:51"]

1. d4 Nf6 2. Nf3 e6 3. Bg5 Be7 4. Nbd2 b6 5. e4 Bb7 6. Bd3 h6 7. Bh4 Nh5 8. Bxe7 Qxe7 9. g3 d6 10. Qe2 Nd7 11. a4 a5 12. c3 Nhf6 13. O-O e5 14. Nh4 g6 15. Rae1 O-O-O 16. d5 Nh5 17. Ng2 Ng7 18. b4 axb4 19. cxb4 f5 20. f3 h5 21. Rc1 h4 22. Nxh4 Rxh4 23. gxh4 Qxh4 24. a5 Nh5 25. Ba6 Nf4 26. Bxb7+ Kxb7 27. Qf2 Nh3+ 28. Kg2 Nxf2 29. Rxf2 Rh8 30. Kg1 Qg5+ 31. Kh1 Nf6 32. Rg1 Qf4 33. axb6 Ng4 0-1


[Site "https://www.chess.com"]

[Event "Titled Tuesday Blitz April 19 Early 2022"]
[White "Papp, Petra"]
[Black "Yang, Kaiqi"]
[WhiteFideId "739049"]
[BlackFideId "8604398"]
[WhiteElo "2259"]
[BlackElo "2373"]
[Result "1-0"]
[Round "10"]
[TimeControl "180+1"]
[Date "2022.04.19"]
[WhiteClock "0:00:54"]
[BlackClock "0:00:02"]

1. e4 e6 2. d4 d5 3. Nc3 Nf6 4. e5 Nfd7 5. f4 c5 6. Nf3 Nc6 7. Be3 Be7 8. Qd2 O-O 9. dxc5 Nxc5 10. O-O-O b6 11. Kb1 Bb7 12. Nd4 Rc8 13. Bd3 Nxd3 14. Qxd3 Qc7 15. h4 Nxd4 16. Bxd4 Qc4 17. Qe3 b5 18. Rd2 b4 19. Ne2 a5 20. g4 a4 21. f5 Rfd8 22. f6 Bf8 23. fxg7 Bxg7 24. h5 h6 25. g5 Kh7 26. Rg1 hxg5 27. Qxg5 Bh6 28. Qf6 Qc7 29. Be3 Bf8 30. Qg5 1-0


[Site "https://www.chess.com"]

[Event "Titled Tuesday Blitz April 19 Early 2022"]
[White "Petrova, Irina"]
[Black "Mohammadian, Mohammad"]
[WhiteFideId "14124122"]
[BlackFideId "12566055"]
[WhiteElo "1993"]
[BlackElo "1544"]
[Result "1-0"]
[Round "10"]
[TimeControl "180+1"]
[Date "2022.04.19"]
[WhiteClock "0:01:59"]
[BlackClock "0:00:03"]

1. e4 e5 2. Nf3 Nc6 3. Bb5 a6 4. Ba4 Nf6 5. d3 h6 6. Bxc6 dxc6 7. Nxe5 Bd6 8. Nf3 Bg4 9. h3 Bh5 10. g4 Bg6 11. e5 Qe7 12. Qe2 Bb4+ 13. c3 O-O-O 14. exf6 Qxf6 15. d4 Rhe8 16. Be3 Ba5 17. Nbd2 Bb6 18. O-O-O Qe6 19. Qc4 Qd7 20. Rhe1 f5 21. Nh4 1-0


[Site "https://www.chess.com"]

[Event "Titled Tuesday Blitz April 19 Early 2022"]
[White "Pham, Tran Gia Phuc"]
[Black "Lysyj, Igor"]
[WhiteFideId "12415669"]
[BlackFideId "4150120"]
[WhiteElo "1789"]
[BlackElo "2611"]
[Result "1-0"]
[Round "10"]
[TimeControl "180+1"]
[Date "2022.04.19"]
[WhiteClock "0:01:06"]
[BlackClock "0:00:23"]

1. e4 e5 2. Nf3 Nc6 3. Bc4 Bc5 4. c3 Nf6 5. d3 d6 6. O-O h6 7. b4 Bb6 8. a4 a5 9. b5 Ne7 10. Nbd2 O-O 11. d4 Ng6 12. h3 Re8 13. Re1 d5 14. exd5 e4 15. Nh2 Bf5 16. Qb3 Nf4 17. d6 Qd7 18. Nxe4 Nxh3+ 19. gxh3 Bxe4 20. f3 Bg6 21. Bf4 cxd6 22. Ng4 Nh5 23. Bh2 Kh7 24. Bd5 f5 25. Nf2 Nf6 26. Be6 Qc7 27. Nd3 Nh5 28. Rac1 Re7 29. Qd5 Nf6 30. Qxd6 Rae8 31. Qxc7 Bxc7 32. Bxc7 Rxc7 33. Nf4 1-0


[Site "https://www.chess.com"]

[Event "Titled Tuesday Blitz April 19 Early 2022"]
[White "Piesik, Piotr"]
[Black "Nozdrachev, Leonid"]
[WhiteFideId "1136194"]
[BlackFideId "24113433"]
[WhiteElo "2190"]
[BlackElo "2242"]
[Result "1-0"]
[Round "10"]
[TimeControl "180+1"]
[Date "2022.04.19"]
[WhiteClock "0:01:43"]
[BlackClock "0:00:34"]

1. Nf3 Nf6 2. g3 g6 3. Bg2 Bg7 4. O-O O-O 5. d4 d6 6. Nbd2 Bf5 7. Nh4 Bc8 8. e4 e5 9. dxe5 dxe5 10. Nhf3 Ne8 11. Qe2 b6 12. Rd1 Ba6 13. Qe1 Nd7 14. b3 Qe7 15. a4 c5 16. Bb2 Nc7 17. Bf1 Bxf1 18. Qxf1 Ne6 19. c3 Nc7 20. Nc4 Rfd8 21. Rd3 Nf8 22. Rad1 Rxd3 23. Qxd3 Nfe6 24. Nfxe5 Rd8 25. Nc6 Rxd3 26. Nxe7+ Kf8 27. Nxg6+ hxg6 28. Rxd3 Ke7 29. f4 f6 30. Bc1 Bf8 31. f5 gxf5 32. exf5 Nd8 33. Bf4 Ne8 34. Nd6 Nc6 35. Nc8+ Kf7 36. Rd7+ Kg8 37. Nxa7 Na5 38. Nc8 Nxb3 39. Nxb6 c4 40. Nxc4 Nc5 41. Rd8 Kf7 42. a5 Ne4 43. Rd7+ Kg8 44. a6 Bc5+ 45. Kg2 Nxc3 46. a7 Bxa7 47. Rxa7 Nd5 48. Rd7 Nc3 49. Kf3 Ng7 50. g4 Ne8 51. Nd6 Ng7 52. Bh6 1-0


[Site "https://www.chess.com"]

[Event "Titled Tuesday Blitz April 19 Early 2022"]
[White "Piliczewski, Bogusz"]
[Black "Skytte, Rasmus"]
[WhiteFideId "1104144"]
[BlackFideId "1404210"]
[WhiteElo "1896"]
[BlackElo "2430"]
[Result "1-0"]
[Round "10"]
[TimeControl "180+1"]
[Date "2022.04.19"]
[WhiteClock "0:00:10"]
[BlackClock "0:00:08"]

1. d4 d5 2. Nf3 Nf6 3. c4 c6 4. e3 Bf5 5. Bd3 Bxd3 6. Qxd3 e6 7. O-O Bd6 8. Nc3 O-O 9. e4 dxe4 10. Nxe4 Nxe4 11. Qxe4 Nd7 12. Ng5 Nf6 13. Qh4 h6 14. Nf3 Rc8 15. Re1 Bb8 16. g4 Nh7 17. Qh5 Nf6 18. Qh4 Nh7 19. Qh5 Nf6 20. Qh3 Nh7 21. Kh1 Ng5 22. Bxg5 hxg5 23. Qh5 Qf6 24. Nxg5 Qh6 25. Qxh6 gxh6 26. Nf3 a6 27. Rg1 Bf4 28. Rae1 Bg5 29. h4 Bf4 30. Re4 Bd6 31. g5 h5 32. g6 fxg6 33. Ng5 Rxf2 34. Rg2 Rf1+ 35. Rg1 Rf2 36. Rge1 Rh2+ 37. Kg1 Rxb2 38. Rxe6 Bh2+ 39. Kh1 Kg7 40. Re7+ Kg8 41. R1e6 1-0


[Site "https://www.chess.com"]

[Event "Titled Tuesday Blitz April 19 Early 2022"]
[White "Pires, Marcos Vinicius Torsani"]
[Black "Kim, Sergey"]
[WhiteFideId "2118939"]
[BlackFideId "13700570"]
[WhiteElo "2273"]
[BlackElo "2556"]
[Result "0-1"]
[Round "10"]
[TimeControl "180+1"]
[Date "2022.04.19"]
[WhiteClock "0:00:34"]
[BlackClock "0:01:22"]

1. e4 e5 2. Nf3 Nc6 3. Nc3 Nf6 4. d4 exd4 5. Nxd4 Bb4 6. Nxc6 bxc6 7. Bd3 d5 8. exd5 Qe7+ 9. Qe2 Qxe2+ 10. Bxe2 Nxd5 11. Bd2 a5 12. Nxd5 cxd5 13. O-O-O c6 14. a3 Bc5 15. f3 Be6 16. Bd3 O-O 17. Rhe1 Bd6 18. g3 Rfb8 19. Bc3 Bf8 20. f4 g6 21. f5 gxf5 22. Rf1 Bh6+ 23. Bd2 Bg7 24. b3 Bf8 25. a4 c5 26. Bxf5 c4 27. Bxe6 fxe6 28. Rde1 Ra6 29. Rf6 cxb3 30. cxb3 Rc6+ 31. Kd1 Rxb3 32. Rexe6 Rxe6 33. Rxe6 Ra3 34. Bxa5 Rxa4 35. Bc3 d4 36. Re4 Bg7 37. Bd2 Kf7 38. Ke2 Ra3 39. Bf4 Kg6 40. h4 Kf5 41. Re5+ Bxe5 0-1


[Site "https://www.chess.com"]